[Event "*** Titled Tuesday Blitz"]
[Site "Chess.com"]
[Date "2019.06.04"]
[Round "9"]
[White "SanchezKelvin"]
[Black "csati17"]
[Result "0-1"]
[WhiteElo "2447"]
[BlackElo "2517"]
[TimeControl "180+2"]
[EndTime "15:06:13 PDT"]
[Termination "csati17 won by resignation"]

1. d4 Nf6 2. c4 g6 3. Nc3 d5 4.
Nf3 Bg7 5. Bg5 dxc4 6. e4 O-O 7. Bxc4 h6 8. Bh4 Bg4 9. e5 Nh5 10. Be2 g5 11. Bg3 Nxg3 12. hxg3 Nc6 13. d5 Bxf3 14. gxf3 Nxe5 15. Qc2 c6 16. f4 Ng6 17. fxg5 hxg5 18.
Bd3 Qb6 19. O-O-O cxd5 20. Nxd5 Qd6 21. Bxg6 fxg6 22. Qe4 e5 23. Kb1 Rxf2 24. Nf4 Qc6 25. Nd5 Re8 26. Qe3 Rg2 27. Qxg5 Qc2+ 0-1

[Event "*** Titled Tuesday Blitz"]
[Site "Chess.com"]
[Date "2019.06.04"]
[Round "9"]
[White "MasterKroket"]
[Black "vinniethepooh"]
[Result "0-1"]
[WhiteElo "2337"]
[BlackElo "2569"]
[TimeControl "180+2"]
[EndTime "15:06:13 PDT"]
[Termination "vinniethepooh won by checkmate"]

1. d4 d5 2. c4 c6 3. Nf3 Nf6 4. Nc3 e6 5. Bg5 dxc4 6. e4 b5 7. e5 h6 8. Bh4 g5 9. Nxg5 hxg5 10. Bxg5 Nbd7 11. g3 Bb7 12. Bg2 Qb6 13. exf6 c5 14.
d5 O-O-O 15. O-O b4 16. Na4 Qa6 17. a3 Bxd5 18. Bxd5 Ne5 19. axb4 Rxd5 20. Qe2 cxb4 21. Bf4 Nd3 22. Nc3 Qc6 23. Nxd5 Qxd5 24. Be3 Bc5 25.
Ra5 Kb7 26. Bxc5 Nf4 27. Rxa7+ Kc8 28. Rc7+ Kxc7 29. Bd6+ Kxd6 30. Qd1 Nh3# 0-1

[Event "*** Titled Tuesday Blitz"]
[Site "Chess.com"]
[Date "2019.06.04"]
[Round "9"]
[White "marianokar"]
[Black "saraswathii"]
[Result "1-0"]
[WhiteElo "2425"]
[BlackElo "2298"]
[TimeControl "180+2"]
[EndTime "15:06:14 PDT"]
[Termination "marianokar won by resignation"]

1. d4 Nf6 2. Nf3 d6 3. c4 g6 4. Nc3 Bg7 5. g3 O-O 6. Bg2 Nbd7 7. O-O e5 8. e4 exd4 9. Nxd4 Nc5 10. h3 a5 11. b3 Re8 12. Re1 Bd7 13. Rb1 Qc8 14.
Kh2 a4 15. b4 Ne6 16. Nde2 Nh5 17. f4 c5 18. Nd5 Qd8 19. bxc5 Nxc5 20. Nec3 Bc6 21.
Be3 Bxd5 22. Nxd5 Nxe4 23. Bb6 Qc8 24. Rxe4 Rxe4 25. Bxe4 Qxc4 26. Qc2 Qxc2+ 27. Bxc2 Nf6 28. Nxf6+ Bxf6 29. Be4 Re8 30. Bd3 Kg7 31. Kg2 Re6 32. Kf3 a3 33. Be3 Bb2 34. Rd1 d5 35. Bc2 Rc6 36.
Bb3 Rc3 37. Bxd5 b5 38. Ke2 Rc2+ 39. Rd2 Rc1 40. Bd4+ Bxd4 41. Rxd4 Kf6 42. Bb3 Ke7 43. Rd5 1-0

[Event "*** Titled Tuesday Blitz"]
[Site "Chess.com"]
[Date "2019.06.04"]
[Round "9"]
[White "Sebastian"]
[Black "Witik"]
[Result "1-0"]
[WhiteElo "2861"]
[BlackElo "2630"]
[TimeControl "180+2"]
[EndTime "15:06:17 PDT"]
[Termination "Sebastian won by resignation"]

1. e4 c6 2. d4 d5 3. e5 Bf5 4.
Bd3 Bxd3 5. Qxd3 e6 6. c4 dxc4 7. Qxc4 Qd5 8. Qxd5 cxd5 9. Nf3 Ne7 10. Ke2 Nec6 11. Be3 Nd7 12. Nbd2 f6 13. exf6 gxf6 14. Rac1 Bd6 15. a3 a5 16. Nb1 a4 17. Nc3 Nb6 18.
Rc2 Kd7 19. Kd3 Na5 20. Re1 h5 21. Rce2 Nac4 22. Bc1 Rhe8 23. h3 Rac8 24. Nh4 e5 25. Nf5 e4+ 26. Kc2 Bf8 27. f3 exf3 28. Rxe8 Rxe8 29.
Rxe8 Kxe8 30. gxf3 Kf7 31. Kd3 Ke6 32. Ng3 h4 33. Nge2 Bd6 34. Kc2 Kf5 35. Kd3 Ke6 36. Kc2 Kf5 37. b3 axb3+ 38. Kxb3 Na5+ 39. Kc2 Nac4 40. a4 Ke6 41. Kd3 Bb4 42. Nf4+ Kd6 43. Ncxd5 Be1 44.
Nxf6 Na5 45. Ba3+ Kc7 46. N6d5+ Nxd5 47. Nxd5+ Kc6 48. Ne3 Bg3 49. d5+ Kd7 50. Nc4 1-0

[Event "*** Titled Tuesday Blitz"]
[Site "Chess.com"]
[Date "2019.06.04"]
[Round "9"]
[White "JMatias"]
[Black "DivyaDeshmukh23"]
[Result "1-0"]
[WhiteElo "2434"]
[BlackElo "2374"]
[TimeControl "180+2"]
[EndTime "15:06:19 PDT"]
[Termination "JMatias won by resignation"]

1. c4 b6 2. e4 Bb7 3. Nc3 e5 4. g3 Nc6 5. Bg2 g6 6. Nge2 Bg7 7. d3 Nge7 8. Be3 O-O 9. Qd2 Nd4 10. O-O f5 11. Bg5 fxe4 12. dxe4 Qe8 13. Nxd4 exd4 14.
Nb5 Qf7 15. Nxc7 Rab8 16. b3 Nc6 17. Nd5 Rbe8 18. Bh6 Ne5 19. Bxg7 Qxg7 20. f4 Ng4 21.
e5 Kh8 22. Qxd4 d6 23. h3 dxe5 24. fxe5 Nxe5 25. Kh1 Rf5 26. g4 Rg5 27. Rae1 h6 28. Nf6 Bxg2+ 29. Kxg2 Qb7+ 30. Kg3 Rf8 31. Rxe5 Qc7 32.
Nd5 1-0

[Event "*** Titled Tuesday Blitz"]
[Site "Chess.com"]
[Date "2019.06.04"]
[Round "9"]
[White "guillembaches"]
[Black "albi1999"]
[Result "0-1"]
[WhiteElo "2302"]
[BlackElo "2440"]
[TimeControl "180+2"]
[EndTime "15:06:23 PDT"]
[Termination "albi1999 won on time"]

1. e4 e5 2. Nf3 Nc6 3. Nc3 Nf6 4. d4 exd4 5. Nxd4 Bb4 6. Nxc6 bxc6 7. Bd3 d5 8. Bd2 O-O 9. O-O Re8 10. Nxd5 cxd5 11. Bxb4 dxe4 12. Bb5 Bd7 13. Bxd7 Qxd7 14. Qxd7 Nxd7 15.
Rfd1 Rad8 16. Kf1 f5 17. Ke2 Kf7 18. Rd5 Ne5 19. Rad1 Rxd5 20. Rxd5 Ke6 21. Ra5 Nc6 22. Ra6 Kd5 23. Bc3 g5 24. b3 f4 25. h3 Re6 26. Ra4 h5 27. Bb2 g4 28. hxg4 hxg4 29. c4+ Kc5 30. Ba3+ Kb6 31. Bb2 f3+ 32. Kf1 Kc5 33.
Bc3 Rh6 34. Kg1 a5 35. Bxa5 Nd4 36. gxf3 exf3 37. Bb4+ Kb6 38. c5+ Kb7 0-1

[Event "*** Titled Tuesday Blitz"]
[Site "Chess.com"]
[Date "2019.06.04"]
[Round "9"]
[White "velemajstor767276"]
[Black "ChessWeebs"]
[Result "1-0"]
[WhiteElo "2549"]
[BlackElo "2777"]
[TimeControl "180+2"]
[EndTime "15:06:27 PDT"]
[Termination "velemajstor767276 won by resignation"]

1. e4 c6 2. Nf3 d5 3. Nc3 Bg4 4. d4 e6 5. e5 Ne7 6. h3 Bxf3 7. Qxf3 c5 8. Bb5+ Nec6 9. dxc5 Nd7 10. Bf4 Bxc5 11.
Qg3 g6 12. O-O-O a6 13. Bxc6 bxc6 14. Kb1 Be7 15. Bh6 Rb8 16. h4 Qa5 17. Ka1 Nb6 18. h5 Nc4 19. hxg6 hxg6 20. Bc1 Rxh1 21. Rxh1 Kd7 22.
Rh7 Qb4 23. a3 Qb6 24. Rxf7 Qd4 25. Qg5 Re8 26. f4 Nxa3 27. Qxg6 Nb5 28. f5 Nxc3 29. Qxe6+ Kd8 30. Qxc6 Qd1 31. Qxc3 Qxc1+ 32. Ka2 Qf4 33.
f6 Qa4+ 34. Kb1 Qb5 35. fxe7+ Rxe7 36. Rf8+ Re8 37. Rxe8+ Kxe8 38. Qc8+ Ke7 39. Qf5 Qc6 40. Qf6+ Qxf6 41. exf6+ Kxf6 42. Ka2 Ke5 43. Ka3 Ke4 44.
Kb4 Ke3 45. Kc5 d4 46. g4 Kd2 47. Kxd4 Kxc2 48. g5 1-0

[Event "*** Titled Tuesday Blitz"]
[Site "Chess.com"]
[Date "2019.06.04"]
[Round "9"]
[White "Blitzstream"]
[Black "GadimbayliA"]
[Result "1-0"]
[WhiteElo "2704"]
[BlackElo "2828"]
[TimeControl "180+2"]
[EndTime "15:06:30 PDT"]
[Termination "Blitzstream won by checkmate"]

1. d4 Nf6 2. Bg5 e6 3. e4 Be7 4.
Nd2 d6 5. Bd3 Nbd7 6. Ngf3 h6 7.
Bh4 Nh5 8. Bxe7 Qxe7 9. g3 b6 10.
Qe2 Bb7 11. Ba6 Bxa6 12. Qxa6 O-O 13. O-O-O c5 14. Rhg1 Rfc8 15. Kb1 cxd4 16. Nxd4 Nc5 17. Qe2 Nf6 18. g4 d5 19. g5 hxg5 20. e5 Nfe4 21.
Nxe4 dxe4 22. h4 Na4 23. Rxg5 Rd8 24. Rdg1 g6 25. Nc6 Qc5 26. Rxg6+ fxg6 27. Qg4 Qxc6 28.
Qxg6+ Kf8 29. Qh7 Rd1+ 30. Rxd1 Qb5 31. Qh8+ Ke7 32. Qf6+ Ke8 33. Qxe6+ Kf8 34. Qf6+ Ke8 35. e6 Qb3 36. Qf7# 1-0

[Event "*** Titled Tuesday Blitz"]
[Site "Chess.com"]
[Date "2019.06.04"]
[Round "9"]
[White "2165149677570"]
[Black "tbalabayev"]
[Result "1-0"]
[WhiteElo "2219"]
[BlackElo "2328"]
[TimeControl "180+2"]
[EndTime "15:06:30 PDT"]
[Termination "2165149677570 won on time"]

1. e4 c5 2. Nf3 Nc6 3. Bb5 g6 4. O-O Bg7 5. Re1 Nf6 6. e5 Nd5 7. Nc3 Nc7 8. Bxc6 dxc6 9. Ne4 b6 10. d3 O-O 11. h3 f6 12. exf6 exf6 13. Bf4 Ne6 14. Bg3 f5 15. Nd6 f4 16. Nxc8 fxg3 17.
Rxe6 gxf2+ 18. Kxf2 Qxc8 19. Qe2 Bxb2 20. Re1 Bc3 21. Re7 Bxe1+ 22. Qxe1 Qf5 23. Kg1 Rf7 24. Re5 Qf4 25. Ng5 Rf5 26. Re8+ Rxe8 27. Qxe8+ Rf8 28.
Qe6+ 1-0

[Event "*** Titled Tuesday Blitz"]
[Site "Chess.com"]
[Date "2019.06.04"]
[Round "9"]
[White "FERNANDEZL1983"]
[Black "x-5963514717"]
[Result "0-1"]
[WhiteElo "2435"]
[BlackElo "2511"]
[TimeControl "180+2"]
[EndTime "15:06:35 PDT"]
[Termination "x-5963514717 won by checkmate"]

1. d4 Nf6 2. c4 g6 3. Nc3 d5 4. Nf3 Bg7 5. cxd5 Nxd5 6. h4 c5 7. h5 cxd4 8. Nxd4 Nc6 9. e3 O-O 10. hxg6 hxg6 11. Bc4 Nb6 12. Nxc6 Qxd1+ 13. Kxd1 bxc6 14.
Be2 Rd8+ 15. Kc2 Be6 16. e4 Bc4 17. Be3 Bxe2 18. Nxe2 Nc4 19. Bc1 Rab8 20. Rb1 Bxb2 21. Rxb2 Nxb2 22. Bf4 Rb5 23. Nc3 Nd3 24. Nxb5 Nxf4 25.
Nxa7 Ra8 26. Nxc6 Rxa2+ 27. Kb3 Rxf2 28. Nxe7+ Kf8 29. Nd5 Nxd5 30. exd5 Rxg2 31. Kc4 Ke7 32. Ra1 Kd6 33. Ra6+ Ke5 34. Ra7 Rf2 35. Re7+ Kd6 36. Ra7 Rf4+ 37. Kd3 Kxd5 38. Ke3 Rf5 39. Ra5+ Ke6 40.
Ra6+ Ke5 41. Ra5+ Kf6 42. Ra6+ Kg5 43. Ke4 Rf4+ 44. Ke3 Rf5 45. Ke4 f6 46. Ra1 Rf4+ 47. Ke3 f5 48. Ra6 Rb4 49. Kf3 Rb3+ 50. Kf2 Kh5 51.
Rf6 Kg5 52. Ra6 f4 53. Kg2 Kh5 54. Rf6 g5 55. Kh1 Rb2 56. Rc6 Kh4 57. Rc3 g4 58.
Ra3 f3 59. Ra1 Kh3 60. Rg1 Rh2# 0-1

[Event "*** Titled Tuesday Blitz"]
[Site "Chess.com"]
[Date "2019.06.04"]
[Round "9"]
[White "KhazarBabazada"]
[Black "ChessWarrior7197"]
[Result "1-0"]
[WhiteElo "2628"]
[BlackElo "2816"]
[TimeControl "180+2"]
[EndTime "15:06:40 PDT"]
[Termination "KhazarBabazada won by resignation"]

1. e4 c5 2. Nf3 Nc6 3. d4 cxd4 4. Nxd4 g6 5. c4 Bg7 6. Be3 Bf6 7. Nc3 d6 8. Be2 Bg7 9. Qd2 Nf6 10. O-O O-O 11.
f3 Bd7 12. Rac1 Nxd4 13. Bxd4 Bc6 14. b3 a6 15. Rfd1 Rc8 16. Nd5 Nd7 17. Bxg7 Kxg7 18.
Qb2+ Kg8 19. Kh1 Bxd5 20. cxd5 Qb6 21. Qd2 h5 22. f4 Nf6 23. Bf3 a5 24. e5 Nd7 25. Qe2 Rxc1 26. Rxc1 Qd4 27. Rc7 dxe5 28. Rxd7 e4 29. Qd1 Qe3 30. Rxe7 Qxf4 31. Rxe4 Qd6 32. h3 Rc8 33. Re1 Qg3 34. d6 Rd8 35. d7 Kh7 36. Re8 Qg5 37. Qd4 Qc1+ 38. Kh2 Qc7+ 39. g3 Kh6 40. Qh8+ Kg5 41. Re5+ 1-0

[Event "*** Titled Tuesday Blitz"]
[Site "Chess.com"]
[Date "2019.06.04"]
[Round "9"]
[White "GMKrikor"]
[Black "jacky72"]
[Result "1-0"]
[WhiteElo "2716"]
[BlackElo "2720"]
[TimeControl "180+2"]
[EndTime "15:06:42 PDT"]
[Termination "GMKrikor won by checkmate"]

1. Nf3 Nf6 2. g3 g6 3. b3 Bg7 4. Bb2 O-O 5. Bg2 d6 6. d4 Nc6 7. O-O e5 8. dxe5 Ng4 9. c4 Ngxe5 10. Nc3 Nxf3+ 11. Bxf3 Bh3 12. Bg2 Bxg2 13. Kxg2 Re8 14.
Qd2 Qf6 15. Rad1 Qe6 16. Nd5 Rac8 17. Bxg7 Kxg7 18. Rfe1 Ne7 19. Qd4+ f6 20. Qxa7 Nxd5 21. cxd5 Qe4+ 22. Kg1 Qb4 23. Qd4 Qa5 24. a4 Kf7 25. e3 f5 26. Qd2 Qb6 27. Qd3 Re4 28. Rc1 Rce8 29. Rc3 R8e7 30. Rec1 R4e5 31. Qc2 Rxd5 32. Rxc7 Re5 33. Qc4+ Kg7 34. Rxe7+ Rxe7 35. Qd3 Kh6 36. Rd1 Re6 37. Qd5 Re4 38. Qxd6 Qxb3 39. Qf8+ Kh5 40. Rd7 Kg4 41. Kg2 Rxe3 42. h3+ Kg5 43. Qd8+ Kh6 44.
Qh4# 1-0

[Event "*** Titled Tuesday Blitz"]
[Site "Chess.com"]
[Date "2019.06.04"]
[Round "9"]
[White "aa175"]
[Black "dopolian"]
[Result "0-1"]
[WhiteElo "2020"]
[BlackElo "2268"]
[TimeControl "180+2"]
[EndTime "15:06:43 PDT"]
[Termination "dopolian won by resignation"]

1. e4 e5 2. Nf3 Nc6 3. Bc4 Bc5 4. d3 Nf6 5. Nc3 h6 6. h3 O-O 7. Be3 Bb6 8. O-O d6 9. a3 Be6 10. Nd2 Ne7 11. Bxe6 fxe6 12. Nc4 Ng6 13. Nxb6 axb6 14. f4 exf4 15. Bxf4 Nxe4 16. Qg4 Nxf4 17. Rxf4 Rxf4 18.
Qxf4 Nxc3 19. bxc3 Qf6 20. Qc4 c6 21. Rf1 Qe5 22.
Qb4 Qc5+ 23. Kh2 Qxb4 24. axb4 Ra2 25. Re1 Kf7 26. Re2 Ra3 27. c4 Ra4 28. c3 Ra3 29. Rc2 e5 30. Kg3 Ke6 31. Kg4 g6 32. h4 Ra1 33. g3 Rf1 34. Ra2 Rd1 35. Ra7 Rxd3 36. Rxb7 Rxc3 37. Kh3 Rxc4 38. Rxb6 e4 39. Kg2 Rc2+ 40. Kf1 e3 41. Rb8 Kd5 42. Re8 Kd4 43. Re6 d5 44. Rxg6 Kd3 45. Re6 Rc1+ 46. Kg2 e2 47. Kf2 Rf1+ 48. Kg2 e1=Q 49. Rxe1 Rxe1 50. g4 Re4 51. Kg3 Rxb4 52. h5 d4 53. Kf4 Ke2 54. Kf5 d3 55. Kg6 Rxg4+ 56. Kxh6 d2 57. Kh7 d1=Q 58.
h6 Qd7+ 59. Kh8 Qe8+ 60. Kh7 0-1

[Event "*** Titled Tuesday Blitz"]
[Site "Chess.com"]
[Date "2019.06.04"]
[Round "9"]
[White "IakovUlivar"]
[Black "Alexander_Moskalenko"]
[Result "0-1"]
[WhiteElo "2498"]
[BlackElo "2880"]
[TimeControl "180+2"]
[EndTime "15:06:48 PDT"]
[Termination "Alexander_Moskalenko won by resignation"]

1. e4 c5 2. Nf3 d6 3. b4 cxb4 4.
d4 Nf6 5. Bd3 g6 6. O-O Bg7 7.
a3 bxa3 8. Nxa3 Bg4 9. e5 dxe5 10.
dxe5 Nfd7 11. Bb2 O-O 12. h3 Bxf3 13. Qxf3 Nxe5 14. Qxb7 Nbd7 15. Qd5 e6 16. Qd6 Rb8 17. Bd4 Nxd3 18. Bxg7 Kxg7 19. Qxd3 Nf6 20. Qa6 Qb6 21. Nc4 Qc5 22. Ra4 Rfc8 23. Ne3 Rc7 24. Rc4 Qe7 25. Ra1 Rbb7 26. Rxc7 Rxc7 27. c4 h5 28. Rb1 Ne4 29.
Qa1+ Qf6 30. Qxf6+ Kxf6 31. Ra1 Nc5 32. Kf1 Ke7 33.
Ke2 Kd6 34. g4 hxg4 35. hxg4 Rb7 36. Kf3 f5 37. gxf5 gxf5 38. Rd1+ Kc6 39. Nc2 a5 40. Nd4+ Kb6 41. Nb5 Rd7 42. Rb1 Kc6 43. Ke3 e5 44. f3 a4 45. Ke2 f4 46. Rh1 Nb3 47. Rh5 Nd4+ 48. Nxd4+ Rxd4 49. Rxe5 Rxc4 50. Ra5 Kb6 51. Ra8 Rd4 52. Rb8+ Ka5 53. Rb1 a3 54. Rb8 Ka4 55. Ra8+ Kb3 56. Rb8+ Rb4 57. Rd8 a2 58. Rd1 Ka3 0-1

[Event "*** Titled Tuesday Blitz"]
[Site "Chess.com"]
[Date "2019.06.04"]
[Round "9"]
[White "chesstatour"]
[Black "colemman"]
[Result "0-1"]
[WhiteElo "2036"]
[BlackElo "2584"]
[TimeControl "180+2"]
[EndTime "15:06:49 PDT"]
[Termination "colemman won on time"]

1. c4 c6 2. Nc3 Nf6 3. d4 d5 4.
g3 dxc4 5. Nf3 b5 6. Bg2 b4 7. Na4 a5 8. Ne5 Nd5 9. e4 Nf6 10. O-O Ba6 11. Re1 e6 12. Bg5 Bd6 13. Nxf7 Kxf7 14.
e5 Be7 15. exf6 gxf6 16. Qh5+ Kg8 17. Bh6 Bf8 18. Qg4+ Kf7 19. Qxe6+ Kg6 20. Bf4 Ra7 21. Be4+ Kg7 22. d5 cxd5 23. Bxd5 h5 24. Qf5 Bc8 25. Qc2 Nd7 26. Be4 Be7 27. Rad1 Qg8 28. Bf5 Bf8 29. Bxd7 Rxd7 30. Nb6 Rxd1 31. Rxd1 Be6 32. Re1 Bc5 33. Na4 Bf8 34. Qe4 Bf7 35. Qb7 b3 36. axb3 cxb3 37.
Nb6 Bb4 38. Rd1 Qe8 39. Be3 Kg6 40. Rd7 Be6 0-1

[Event "*** Titled Tuesday Blitz"]
[Site "Chess.com"]
[Date "2019.06.04"]
[Round "9"]
[White "nocnypako"]
[Black "Pechen_Yeltsina"]
[Result "0-1"]
[WhiteElo "2559"]
[BlackElo "2697"]
[TimeControl "180+2"]
[EndTime "15:06:51 PDT"]
[Termination "Pechen_Yeltsina won on time"]

1. d4 g6 2. e4 Bg7 3. h4 h6 4. h5 g5 5. f4 gxf4 6. Bxf4 c5 7. Nf3 cxd4 8. Nxd4 Qb6 9. Nb5 Na6 10.
N1c3 d6 11. Nd5 Qa5+ 12. c3 Bd7 13. a4 Nf6 14. b4 Qd8 15. Nxf6+ Bxf6 16. Qd2 Bg7 17.
Bd3 Nc7 18. O-O Nxb5 19. axb5 Qb6+ 20. Be3 Qc7 21. Rac1 b6 22. c4 Rg8 23. Qf2 Be6 24. Kh1 Rd8 25. Be2 Qd7 26. Rcd1 Qc8 27. c5 dxc5 28.
Rxd8+ Kxd8 29. bxc5 bxc5 30. Bxc5 Be5 31. Bxa7 Ke8 32.
Be3 Qc2 33. Bf3 Qb3 34. b6 Bg4 35. Rc1 Bxf3 36. gxf3 Qe6 37. Qf1 Qf6 38. Rc8+ Kd7 39.
Rxg8 Qh4+ 0-1

[Event "*** Titled Tuesday Blitz"]
[Site "Chess.com"]
[Date "2019.06.04"]
[Round "9"]
[White "Everyfishknows"]
[Black "TonRicher"]
[Result "1-0"]
[WhiteElo "2240"]
[BlackElo "2336"]
[TimeControl "180+2"]
[EndTime "15:06:51 PDT"]
[Termination "Everyfishknows won by resignation"]

1. Nf3 Nf6 2. c4 e6 3. g3 d5 4. b3 Be7 5. Bg2 O-O 6. O-O d4 7. Bb2 c5 8. e3 Nc6 9. exd4 cxd4 10. Re1 Ne8 11. Ne5 Nxe5 12. Rxe5 f6 13. Re1 e5 14.
f4 exf4 15. Qf3 fxg3 16. Qd5+ Kh8 17. Qxd8 Bxd8 18. hxg3 Bc7 19. Bxd4 Bxg3 20. Re3 Bf4 21. Re4 Bd6 22. Nc3 Bf5 23. Re3 Nc7 24. Bxb7 Rab8 25.
Bg2 Rbd8 26. Nd5 Nxd5 27. Bxd5 Bf4 28. Rf3 Be5 29. Bxe5 fxe5 30. Raf1 g6 31. Re3 Rfe8 32. Rfe1 e4 33. Bxe4 Bxe4 34. Rxe4 Rxe4 35. Rxe4 Rxd2 36. Re8+ Kg7 37. Re7+ Kf6 38. Rxa7 h5 39. c5 h4 40. c6 Rc2 41. c7 g5 42. b4 g4 43. b5 h3 44. Ra6+ Kg5 45. Rc6 Rxa2 46. c8=Q Kh4 47. Rh6+ Kg5 48. Qe6 1-0

[Event "*** Titled Tuesday Blitz"]
[Site "Chess.com"]
[Date "2019.06.04"]
[Round "9"]
[White "Chesska7"]
[Black "nrvisakh"]
[Result "0-1"]
[WhiteElo "2144"]
[BlackElo "2740"]
[TimeControl "180+2"]
[EndTime "15:06:52 PDT"]
[Termination "nrvisakh won by checkmate"]

1. Nf3 Nf6 2. g3 b6 3. Bg2 Bb7 4. c4 c5 5. O-O g6 6. Nc3 Bg7 7. b3 Ne4 8. Bb2 Nxc3 9. Bxc3 Bxc3 10. dxc3 O-O 11. a4 a5 12. Qc2 f5 13. e3 d6 14. h4 Nd7 15. Rad1 Nf6 16. Ng5 Bxg2 17. Kxg2 Qd7 18. Nf3 Qb7 19. Qe2 Ne4 20. Rc1 g5 21. Kh2 h6 22. Rg1 Rf6 23. Rg2 Raf8 24. Qd3 Re6 25. Qd5 Qxd5 26. cxd5 Rg6 27. c4 Kg7 28. Rc2 f4 29. gxf4 gxf4 30. Nd2 Nf6 31. e4 f3 32. Rxg6+ Kxg6 33. Rc3 Kh5 34. Rxf3 Kxh4 35. Rh3+ Kg5 36. Rg3+ Kf4 37. Rf3+ Ke5 38. Rf5+ Kd4 39. f3 Kc3 40. Nf1 Kxb3 41. Ne3 Kxa4 42. f4 Kb3 43. e5 dxe5 44. fxe5 Ng4+ 45. Kg3 Rxf5 46. Nxf5 Nxe5 47. Nxe7 a4 48.
d6 a3 49. Kf4 Nf7 50. d7 a2 51. Kf5 a1=Q 52. Ke6 Nd8+ 53. Kd6 Qf6+ 54. Kc7 Qxe7 55.
Kb8 Qxd7 56. Ka8 Qb7# 0-1

[Event "*** Titled Tuesday Blitz"]
[Site "Chess.com"]
[Date "2019.06.04"]
[Round "9"]
[White "Antipov_Mikhail_Al"]
[Black "Durarbayli"]
[Result "1-0"]
[WhiteElo "2892"]
[BlackElo "2766"]
[TimeControl "180+2"]
[EndTime "15:06:54 PDT"]
[Termination "Antipov_Mikhail_Al won by checkmate"]

1. e4 e6 2. d4 d5 3. Nd2 Nf6 4. e5 Nfd7 5. Bd3 c5 6. c3 Nc6 7. Ngf3 g6 8. h4 Qb6 9. h5 g5 10. Nxg5 cxd4 11. cxd4 Nxd4 12. Ndf3 h6 13. Nxf7 Bb4+ 14.
Kf1 Kxf7 15. Nxd4 Nxe5 16. Bg6+ Ke7 17. Bf4 Bd6 18. Qd2 Nc4 19. Bxd6+ Qxd6 20. Qe2 Qf4 21.
Rd1 Rf8 22. Rh3 Bd7 23. b3 Ne5 24. Re3 Nxg6 25. Rxe6+ Bxe6 26. Qxe6+ Kd8 27. Qxd5+ Ke8 28. Qb5+ Kf7 29. hxg6+ Kxg6 30. Qd3+ Kf7 31. Qh7+ Kf6 32. Ne2 Qg5 33. Rd6+ Ke5 34. Qd3 Qg4 35. Qd5# 1-0

[Event "*** Titled Tuesday Blitz"]
[Site "Chess.com"]
[Date "2019.06.04"]
[Round "9"]
[White "Bryakin_Mikhail"]
[Black "chessking2151"]
[Result "1-0"]
[WhiteElo "2732"]
[BlackElo "2597"]
[TimeControl "180+2"]
[EndTime "15:06:58 PDT"]
[Termination "Bryakin_Mikhail won by resignation"]

1. d4 Nf6 2. c4 e6 3. g3 d5 4. Bg2 Bb4+ 5. Bd2 Be7 6. Nf3 O-O 7. O-O c6 8. a4 a5 9. Qc2 Na6 10. Na3 Nb4 11. Qb3 Ne4 12. Bf4 b6 13. Rac1 Ba6 14.
Rfd1 Qe8 15. Bc7 dxc4 16. Nxc4 Nd5 17. Bf4 f5 18. Be5 Bb4 19. Ne1 b5 20. axb5 cxb5 21. Ne3 a4 22. Qd3 Bb7 23. N1c2 Be7 24. Nxd5 Bxd5 25.
Ne3 Bb3 26. Rf1 Rc8 27. d5 Rxc1 28. Rxc1 exd5 29. Nxd5 Kh8 30. Nc7 Qf7 31. Nxb5 Bc5 32. Bd4 Rd8 33. e3 Bf8 34. Rc7 Qe6 35. Bxg7+ Bxg7 36.
Qxd8+ Qg8 37. Qd7 Be6 38. Qc6 Bd5 39. Qa6 Be6 40. Nd4 Bxd4 41. exd4 Qd8 42. Qb6 Bg8 43.
g4 Qg5 44. Qa5 Qf4 45. Qe5+ Qxe5 46. dxe5 Nd2 47. gxf5 Nc4 48. e6 Nxb2 49. e7 a3 50.
e8=Q 1-0

[Event "*** Titled Tuesday Blitz"]
[Site "Chess.com"]
[Date "2019.06.04"]
[Round "9"]
[White "olksuna"]
[Black "IIIlllII1llIl"]
[Result "1-0"]
[WhiteElo "2525"]
[BlackElo "2733"]
[TimeControl "180+2"]
[EndTime "15:06:58 PDT"]
[Termination "olksuna won on time"]

1. c4 Nf6 2. Nc3 g6 3. g3 Bg7 4. Bg2 O-O 5. Nf3 c6 6. d4 d5 7. cxd5 cxd5 8. Ne5 Nc6 9. O-O Ne4 10. Nxc6 bxc6 11. Nxe4 dxe4 12. Be3 Qd5 13. Qa4 Bg4 14. Rfe1 Rfd8 15. h3 Be6 16. Red1 Rab8 17. b3 a5 18. Rac1 Rb5 19. Rd2 f5 20. Rc5 Qd7 21. Rxb5 cxb5 22. Qxa5 Rc8 23. Bf4 Bd5 24. e3 e6 25. Bf1 Bc6 26.
Be5 Bf8 27. Rc2 Ra8 28. Qb6 Bd5 29. Bxb5 Qe7 30. Bc4 Qd7 31. Bxd5 Qxd5 32. Rc7 Rxa2 33. Qb8 Ra8 34. Rg7+ Kh8 35. Qc7 Re8 36. Rxh7+ 1-0

[Event "*** Titled Tuesday Blitz"]
[Site "Chess.com"]
[Date "2019.06.04"]
[Round "9"]
[White "BvsN"]
[Black "Manukyan_Artak"]
[Result "1/2-1/2"]
[WhiteElo "2284"]
[BlackElo "2404"]
[TimeControl "180+2"]
[EndTime "15:07:05 PDT"]
[Termination "Game drawn - insufficient material"]

1. d4 Nf6 2. c4 e6 3. Nc3 Bb4 4. f3 d5 5. a3 Bxc3+ 6. bxc3 O-O 7. cxd5 exd5 8. e3 c5 9. Bd3 Nc6 10. Ne2 a5 11. O-O b6 12. Ng3 Ba6 13. Ra2 Bxd3 14.
Qxd3 c4 15. Qd1 Re8 16. Re2 b5 17. e4 b4 18. e5 Nd7 19. axb4 axb4 20. cxb4 Qb6 21.
Be3 Nxb4 22. Nf5 Nd3 23. Nd6 Re6 24. f4 Rxd6 25. exd6 Qxd6 26. f5 Nf6 27. g3 Ne4 28. Qc2 h5 29. Bf4 Qb6 30. Rxe4 dxe4 31. Qxc4 Rd8 32.
Be3 h4 33. f6 hxg3 34. hxg3 Qd6 35. Kg2 gxf6 36. Qb5 Qd5 37. Qxd5 Rxd5 38. Rxf6 Nb4 39. Rf4 f5 40. g4 Nc2 41. Kf2 Nxd4 42. gxf5 Nxf5 43.
Rxe4 Kf7 44. Bf4 Kg6 45. Re6+ Kf7 46. Re5 Rxe5 47. Bxe5 1/2-1/2

[Event "*** Titled Tuesday Blitz"]
[Site "Chess.com"]
[Date "2019.06.04"]
[Round "9"]
[White "TheBigBadChessDad"]
[Black "King_of_the_wing"]
[Result "0-1"]
[WhiteElo "2166"]
[BlackElo "2212"]
[TimeControl "180+2"]
[EndTime "15:07:06 PDT"]
[Termination "King_of_the_wing won on time"]

1. d4 d5 2. Bf4 Bf5 3. e3 e6 4. c4 Bb4+ 5. Nc3 c6 6. Qb3 Qa5 7. a3 Bxc3+ 8. Qxc3 Qxc3+ 9. bxc3 Nf6 10. f3 O-O 11. g4 Bg6 12. h4 h5 13. g5 Nfd7 14. Nh3 Re8 15. cxd5 cxd5 16. Kd2 Nc6 17. Bd3 Bxd3 18. Kxd3 e5 19. Bg3 Rac8 20. Rab1 Na5 21. Rb5 e4+ 22. fxe4 dxe4+ 23. Ke2 b6 24. Rc1 Nc4 25.
a4 g6 26. Nf2 Re6 27. Bf4 a6 28. Rb4 f5 29. gxf6 Nxf6 30. Rg1 Nd5 31. Rc1 Nxb4 32. cxb4 b5 33. axb5 axb5 34. Ra1 Nb2 35. Kf1 Nd3 36. Ra5 Nxf4 37. exf4 e3 38. Nd3 e2+ 39. Kf2 Rc1 40. Ne1 Rc4 41. Rxb5 Rxd4 0-1

[Event "*** Titled Tuesday Blitz"]
[Site "Chess.com"]
[Date "2019.06.04"]
[Round "9"]
[White "toog"]
[Black "H3nriqueTV"]
[Result "1-0"]
[WhiteElo "2336"]
[BlackElo "2184"]
[TimeControl "180+2"]
[EndTime "15:07:08 PDT"]
[Termination "toog won by resignation"]

1. e4 c5 2. Nf3 b6 3. d4 cxd4 4. Nxd4 Bb7 5. Nc3 a6 6. Bd3 e6 7. O-O Qc7 8. Qe2 d6 9. f4 Nd7 10. Kh1 Be7 11. f5 e5 12. Nb3 Ngf6 13. a4 Nc5 14. Nxc5 dxc5 15. Bg5 O-O 16. Bxf6 Bxf6 17. Bc4 Rfd8 18. Bd5 Rac8 19. Rf3 Rd6 20. Rh3 Qd7 21.
Rd1 Rd8 22. Rhd3 Bxd5 23. Nxd5 Qc6 24. Qd2 Bh4 25. c4 h6 26. b3 Kh8 27. g3 Bg5 28.
Qe2 R8d7 29. h4 Bd8 30. Qd2 b5 31. axb5 axb5 32. Qc2 Qa6 33. Kh2 bxc4 34. bxc4 Rb7 35. Kh3 Ba5 36. g4 Qa8 37. g5 Qb8 38. Qe2 Rb2 39. Qf3 hxg5 40. hxg5 Qd8 41. Qh5+ Kg8 42. Nf6+ gxf6 43. Rxd6 Rb3+ 44. Kg4 Qa8 45. R6d5 Bd8 46. Rxd8+ 1-0

[Event "*** Titled Tuesday Blitz"]
[Site "Chess.com"]
[Date "2019.06.04"]
[Round "9"]
[White "Rish_97"]
[Black "sergeikim"]
[Result "1-0"]
[WhiteElo "2517"]
[BlackElo "2412"]
[TimeControl "180+2"]
[EndTime "15:07:13 PDT"]
[Termination "Rish_97 won on time"]

1. Nf3 Nf6 2. b3 g6 3. Bb2 Bg7 4. g3 d6 5. d4 O-O 6. Bg2 e5 7. dxe5 Nfd7 8. O-O dxe5 9. c4 Nc6 10. Qc1 f5 11.
Rd1 e4 12. Bxg7 Kxg7 13. Ng5 Qf6 14. Nc3 h6 15. Nh3 Nde5 16. Nd5 Qf7 17. Qc3 Kh7 18. b4 Re8 19. b5 Nb8 20. Nhf4 c6 21. bxc6 bxc6 22.
Ne3 Nbd7 23. h4 Nf6 24. Rd6 Qg7 25. Bh3 Nfg4 26. Rc1 Nxe3 27. Qxe3 h5 28. Qc5 Rb8 29.
Bf1 Ng4 30. Rxg6 Qe5 31. Qxe5 Nxe5 32. Rg5 Rb2 33. Rxh5+ Kg7 34. Rg5+ Kh7 35. Nh5 Rf8 36. Rd1 Be6 37. Rd6 1-0